AoeStats
← BasicOrc4106

Nomad

509286813Analyzed
4v4 RM · 7d ago on Sep 26, 2026· 41m 19s· 8 players
Game mode
Random Map
Map size
231×231
Population
200
Speed
Normal
Resources
Standard
Victory
Conquest
Starting age
Dark Age
Ending age
Imperial Age
RankedLock teamsTeams togetherTeam positionsShared explorationLock speedFull tech treeHidden civsTurbo modeCheats
Victory
Defeat
🇹🇼 Danes · Taiwan
894
+8
🇿🇦 Ethiopians · South Africa
890
+8
🇯🇵 Wei · Japan
860
+9
🇺🇸 Japanese · United States
715
+16
🇨🇦 Celts · Canada
799
-13
🇹🇼 Varangians · Taiwan
744
-11
🇹🇼 Goths · Taiwan
658
-9
🇹🇼 Mongols · Taiwan
633
-8
Uruz_7
12:17 Loom
17:19 Feudal Age
18:31 Double-Bit Axe
25:01 Castle Age
24:21 Bloodlines
24:31 Scale Barding Armor
27:29 Husbandry
29:42 Forging
34:27 Wheelbarrow
the.bighead
3:37 Loom
15:32 Feudal Age
16:42 Horse Collar
20:48 Man-at-Arms
21:17 Arson
21:38 Scale Mail Armor
21:48 Forging
23:28 Wheelbarrow
22:44 Fishing Lines
22:58 Town Watch
26:42 Castle Age
26:53 Long Swordsman
28:10 Pikeman
29:11 Hand Cart
29:26 Gambesons
31:26 Gold Mining
31:26 Stone Mining
31:25 Double-Bit Axe
32:33 Iron Casting
32:13 Chain Mail Armor
37:53 Imperial Age
37:24 Stronghold
38:14 Gillnets
39:46 Bow Saw
39:39 Heavy Plow
40:50 Conscription
42:07 Gold Shaft Mining
Kaiiiiii
16:52 Feudal Age
22:33 Scale Barding Armor
22:43 Bloodlines
31:57 Castle Age
33:31 Loom
gooloo gooloo
3:52 Loom
18:06 Feudal Age
BasicOrc4106
6:25 Loom
9:06 Loom
17:29 Feudal Age
19:04 Wheelbarrow
18:14 Town Watch
18:16 Double-Bit Axe
25:02 Castle Age
23:29 Gold Mining
26:30 Scale Mail Armor
27:04 Bow Saw
27:41 Chain Mail Armor
27:42 Man-at-Arms
28:08 Gambesons
28:23 Squires
28:09 Arson
29:01 Forging
28:52 Long Swordsman
31:32 Horse Collar
35:15 Fletching
35:23 Herbal Medicine
35:51 Ballistics
39:28 Iron Casting
39:59 Gold Shaft Mining
39:34 Stone Mining
40:42 Hand Cart
40:58 Bodkin Arrow
41:11 Heavy Plow
41:05 Treadmill Crane
YJHAN
4:04 Loom
15:07 Feudal Age
15:36 Town Watch
15:35 Fishing Lines
17:08 Man-at-Arms
17:34 Arson
25:30 Castle Age
25:20 Fletching
31:39 Medium Warships
31:21 Gillnets
37:33 Ballistics
38:23 Wheelbarrow
40:56 Scale Mail Armor
40:52 Double-Bit Axe
42:00 Fervor
42:13 Hand Cart
nabil1985
8:39 Loom
15:59 Feudal Age
18:22 Double-Bit Axe
18:18 Horse Collar
20:21 Stone Mining
23:02 Castle Age
22:32 Gold Mining
23:49 Fletching
25:13 Bodkin Arrow
40:17 Imperial Age
38:24 Wheelbarrow
40:11 Hand Cart
39:42 Town Watch
41:06 Heavy Plow
41:19 Bow Saw
41:16 Bracer
41:17 Padded Archer Armor
of the dark
3:53 Loom
14:33 Feudal Age
14:39 Man-at-Arms
24:33 Castle Age
23:47 Horse Collar
23:53 Double-Bit Axe
24:00 Stone Mining
24:01 Gold Mining
33:08 Imperial Age
30:53 Forging
30:43 Scale Mail Armor
31:36 Arson
31:51 Squires
33:58 Wheelbarrow
33:08 Town Watch
34:13 Conscription
33:14 Elite Shotel Warrior
35:04 Iron Casting
34:44 Chain Mail Armor
37:31 Chemistry
36:41 Elite Skirmisher
41:17 Royal Heirs
Connection lost

Rejoining the realm…

Still unreachable

The connection could not be restored.

Session expired

The server has moved on; the page needs a fresh start.